TOP OF THE 1ST |
San Diego Smashers batting - Pitching for Bismark Border Guards : RHP Brandon Sweet
|
Pitching: RHP Brandon Sweet
|
|
Batting: RHB Gerald Davis
|
0-0: Foul Ball, location: 2F 0-1: Swinging Strike 0-2: Strikes out looking
|
Batting: LHB Richard Brooks
|
0-0: Ball 1-0: Swinging Strike 1-1: Foul Ball, location: 2F 1-2: Strikes out looking
|
Batting: LHB Vernon Hill
|
0-0: Ball 1-0: Swinging Strike 1-1: Hit by Pitch
|
Batting: LHB Steven Smith
|
0-0: Ball 1-0: Fly out, F8 (Flyball, 8LD)
|
Top of the 1st over - 0 runs, 0 hits, 0 errors, 1 left on base; San Diego 0 - Bismark 0 |
BOTTOM OF THE 1ST |
Bismark Border Guards batting - Pitching for San Diego Smashers : LHP Brock Saunders
|
Pitching: LHP Brock Saunders
|
|
Batting: RHB José Vidal
|
0-0: Ball 1-0: Called Strike 1-1: Swinging Strike 1-2: SINGLE (Groundball, 6MD)
|
Batting: RHB Warren Martin
|
0-0: Foul Ball, location: 2F 0-1: Ball 1-1: Called Strike 1-2: Fly out, F9 (Line Drive, 89D)
|
Batting: RHB Enrique Mendoza
|
0-0: Ball 1-0: Called Strike José Vidal is caught stealing 2nd base 1-1: Ball 2-1: Foul Ball, location: 2F 2-2: Strikes out swinging
|
Bottom of the 1st over - 0 runs, 1 hit, 0 errors, 0 left on base; San Diego 0 - Bismark 0 |
TOP OF THE 2ND |
San Diego Smashers batting - Pitching for Bismark Border Guards : RHP Brandon Sweet
|
Batting: RHB Ray Rogers
|
0-0: Called Strike 0-1: Foul Ball, location: 2F 0-2: Ball 1-2: Ball 2-2: Ball 3-2: Strikes out swinging
|
Batting: LHB Nick Hill
|
0-0: Foul Ball, location: 2F 0-1: Ball 1-1: SINGLE (Groundball, 6D)
|
Batting: RHB Ramón Ramírez
|
0-0: Ball 1-0: Ball 2-0: Ball 3-0: Called Strike 3-1: Base on Balls Nick Hill to second
|
Batting: LHB Ryan Rheaume
|
0-0: Ball 1-0: Called Strike 1-1: Ball 2-1: SINGLE (Groundball, 3D) Nick Hill to third Ramón Ramírez to second
|
Batting: RHB Sean Smith
|
0-0: Called Strike 0-1: Swinging Strike 0-2: Foul Ball, location: 2F 0-2: Foul Ball, location: 2F 0-2: Foul Ball, location: 2F 0-2: Foul Ball, location: 2F 0-2: Ball 1-2: Foul Ball, location: 2F 1-2: Ball 2-2: Foul Ball, location: 2F 2-2: Ground out 5-3 (Groundball, 56S) Nick Hill scores Ramón Ramírez to third Ryan Rheaume to second
|
Batting: RHB Gerald Davis
|
0-0: Ball 1-0: Ball 2-0: DOUBLE (Flyball, 89D) Ramón Ramírez scores Ryan Rheaume scores
|
Batting: LHB Richard Brooks
|
0-0: Called Strike 0-1: Fly out, F8 (Flyball, 8RD)
|
Top of the 2nd over - 3 runs, 3 hits, 0 errors, 1 left on base; San Diego 3 - Bismark 0 |
BOTTOM OF THE 2ND |
Bismark Border Guards batting - Pitching for San Diego Smashers : LHP Brock Saunders
|
Batting: RHB Leonard Harris
|
0-0: Foul Ball, location: 2F 0-1: Ball 1-1: Foul Ball, location: 2F 1-2: Foul Ball, location: 2F 1-2: Ball 2-2: Ground out 6-3 (Groundball, 6)
|
Batting: RHB Danny Spode
|
0-0: Ball 1-0: Foul Ball, location: 2F 1-1: Foul Ball, location: 2F 1-2: Foul Ball, location: 2F 1-2: Ball 2-2: Ball 3-2: Base on Balls
|
Batting: RHB Mario Carranza
|
0-0: Ball 1-0: Foul Ball, location: 2F 1-1: Foul Ball, location: 2F 1-2: SINGLE (Groundball, 56D) Danny Spode to second
|
Batting: RHB Doug Williams
|
0-0: Ball 1-0: SINGLE (Line Drive, 34D) Danny Spode to third Mario Carranza to second Runner from 3rd tries for Home, throw and OUT! Mario Carranza to third Doug Williams to second
|
Batting: SHB Júlio Romano
|
0-0: Foul Ball, location: 2F 0-1: Ground out 4-3 (Groundball, 4)
|
Bottom of the 2nd over - 0 runs, 2 hits, 0 errors, 2 left on base; San Diego 3 - Bismark 0 |
TOP OF THE 3RD |
San Diego Smashers batting - Pitching for Bismark Border Guards : RHP Brandon Sweet
|
Batting: LHB Vernon Hill
|
0-0: Ball 1-0: Foul Ball, location: 2F 1-1: Ball 2-1: DOUBLE (Flyball, 8RXD)
|
Batting: LHB Steven Smith
|
0-0: Ground out 6-3 (Groundball, 6M) Vernon Hill to third
|
Batting: RHB Ray Rogers
|
0-0: Ball 1-0: Ball 2-0: Ball 3-0: Base on Balls
|
Batting: LHB Nick Hill
|
0-0: Ball 1-0: Ball 2-0: Fly out, F7 (Flyball, 7) Runner from 3rd tags up, SCORES, throw made
|
Batting: RHB Ramón Ramírez
|
0-0: Swinging Strike 0-1: Ball 1-1: Foul Ball, location: 2F 1-2: Ball 2-2: Ball 3-2: Foul Ball, location: 2F 3-2: SINGLE (Line Drive, 6M) Ray Rogers to second Ray Rogers to third
|
Batting: LHB Ryan Rheaume
|
0-0: Ball 1-0: Fly out, F7 (Line Drive, 7LM)
|
Top of the 3rd over - 1 run, 2 hits, 0 errors, 2 left on base; San Diego 4 - Bismark 0 |
BOTTOM OF THE 3RD |
Bismark Border Guards batting - Pitching for San Diego Smashers : LHP Brock Saunders
|
Batting: LHB Alan Moore
|
0-0: Foul Ball, location: 2F 0-1: Ball 1-1: Ball 2-1: Ball 3-1: Foul Ball, location: 2F 3-2: Foul Ball, location: 2F 3-2: SINGLE (Flyball, 7S)
|
Batting: RHB José Vidal
|
0-0: Called Strike 0-1: DOUBLE (Groundball, 5L) Alan Moore to third
|
Batting: RHB Warren Martin
|
0-0: Ground out 4-3 (Groundball, 4S) Alan Moore scores José Vidal to third
|
Batting: RHB Enrique Mendoza
|
0-0: Foul Ball, location: 2F 0-1: Ball 1-1: Ball 2-1: Ball 3-1: Base on Balls
|
Batting: RHB Leonard Harris
|
0-0: Called Strike 0-1: Called Strike 0-2: Ball 1-2: Foul Ball, location: 2F 1-2: Strikes out looking
|
Batting: RHB Danny Spode
|
0-0: Ball 1-0: Foul Ball, location: 2F 1-1: Foul Ball, location: 2F 1-2: Fly out, F8 (Flyball, 8LS)
|
Bottom of the 3rd over - 1 run, 2 hits, 0 errors, 2 left on base; San Diego 4 - Bismark 1 |
TOP OF THE 4TH |
San Diego Smashers batting - Pitching for Bismark Border Guards : RHP Brandon Sweet
|
Batting: RHB Sean Smith
|
0-0: Ball 1-0: DOUBLE (Line Drive, 7LM)
|
Batting: RHB Gerald Davis
|
0-0: Called Strike 0-1: Ball 1-1: Foul Ball, location: 2F 1-2: Ball 2-2: Ball 3-2: Base on Balls
|
Batting: LHB Richard Brooks
|
0-0: Called Strike 0-1: Ball 1-1: Swinging Strike 1-2: Fielders Choice at 2nd, 3-6 (Groundball, 3) Sean Smith to third
|
Batting: LHB Vernon Hill
|
0-0: Called Strike 0-1: Foul Ball, location: 2F 0-2: Ball 1-2: Foul Ball, location: 2F 1-2: Strikes out swinging
|
Pitching: RHP Domingo García
|
|
Batting: LHB Steven Smith
|
0-0: Ball 1-0: Ball 2-0: Foul Ball, location: 2F 2-1: Called Strike 2-2: Ball 3-2: Strikes out swinging
|
Top of the 4th over - 0 runs, 1 hit, 0 errors, 2 left on base; San Diego 4 - Bismark 1 |
BOTTOM OF THE 4TH |
Bismark Border Guards batting - Pitching for San Diego Smashers : LHP Brock Saunders
|
Batting: RHB Mario Carranza
|
0-0: Ball 1-0: Swinging Strike 1-1: Swinging Strike 1-2: Strikes out swinging
|
Batting: RHB Doug Williams
|
0-0: Called Strike 0-1: Called Strike 0-2: Ball 1-2: Ground out 6-3 (Groundball, 6)
|
Batting: SHB Júlio Romano
|
0-0: Ball 1-0: Ball 2-0: Called Strike 2-1: Swinging Strike 2-2: SINGLE (Flyball, 7S)
|
Batting: LHB Alan Moore
|
0-0: Ground out 4-3 (Groundball, 4)
|
Bottom of the 4th over - 0 runs, 1 hit, 0 errors, 1 left on base; San Diego 4 - Bismark 1 |
TOP OF THE 5TH |
San Diego Smashers batting - Pitching for Bismark Border Guards : RHP Domingo García
|
Batting: RHB Ray Rogers
|
0-0: Ball 1-0: Called Strike 1-1: Ball 2-1: Ball 3-1: Base on Balls
|
Batting: LHB Nick Hill
|
0-0: Ball 1-0: Called Strike 1-1: Ball 2-1: Foul Ball, location: 2F 2-2: Ball 3-2: Fly out, F8 (Flyball, 78S)
|
Batting: RHB Ramón Ramírez
|
0-0: Called Strike 0-1: Foul Ball, location: 2F 0-2: Ball 1-2: Foul Ball, location: 2F 1-2: Strikes out swinging
|
Batting: LHB Ryan Rheaume
|
0-0: Ball Passed Ball! Ray Rogers to second 1-0: DOUBLE (Flyball, 89D) Ray Rogers scores
|
Batting: RHB Sean Smith
|
0-0: Ball Passed Ball! Ryan Rheaume to third 1-0: Ball 2-0: Fly out, F8 (Flyball, 8RD)
|
Top of the 5th over - 1 run, 1 hit, 0 errors, 1 left on base; San Diego 5 - Bismark 1 |
BOTTOM OF THE 5TH |
Bismark Border Guards batting - Pitching for San Diego Smashers : LHP Brock Saunders
|
Batting: RHB José Vidal
|
0-0: Called Strike 0-1: Ball 1-1: Called Strike 1-2: Ball 2-2: Hit by Pitch
|
Batting: RHB Warren Martin
|
0-0: Called Strike 0-1: Swinging Strike 0-2: Ball 1-2: Ball 2-2: Ball 3-2: SINGLE (Groundball, 34D) José Vidal to second Runner from 2nd tries for 3rd, SAFE, no throw
|
Batting: RHB Enrique Mendoza
|
0-0: Called Strike 0-1: Foul Ball, location: 2F 0-2: Ball 1-2: Fly out, F8 (Flyball, 89M) Runner from 3rd tags up, SCORES, no throw
|
Pitching: LHP Nesto Pérez
|
|
Batting: RHB Leonard Harris
|
0-0: Ball 1-0: Ball 2-0: Ball 3-0: Base on Balls Warren Martin to second
|
Batting: RHB Danny Spode
|
0-0: Ball 1-0: Ball 2-0: Called Strike 2-1: SINGLE (Groundball, 56D) Warren Martin to third Leonard Harris to second Runner from 3rd tries for Home, SAFE, throw made home
|
Batting: RHB Mario Carranza
|
0-0: Called Strike 0-1: Called Strike 0-2: Foul Ball, location: 2F 0-2: SINGLE (Groundball, 34D) Leonard Harris to third Danny Spode to second Runner from 3rd tries for Home, SAFE, no throw
|
Batting: RHB Doug Williams
|
0-0: Ball 1-0: Called Strike 1-1: Ball 2-1: Ball 3-1: Fly out, F7 (Flyball, 78D)
|
Batting: SHB Júlio Romano
|
0-0: Swinging Strike 0-1: Foul Ball, location: 2F 0-2: Foul Ball, location: 2F 0-2: Ball 1-2: Foul Ball, location: 2F 1-2: Ball 2-2: Strikes out swinging
|
Bottom of the 5th over - 3 runs, 3 hits, 0 errors, 2 left on base; San Diego 5 - Bismark 4 |
TOP OF THE 6TH |
San Diego Smashers batting - Pitching for Bismark Border Guards : RHP Domingo García
|
Batting: RHB Gerald Davis
|
0-0: Foul Ball, location: 2F 0-1: Ball 1-1: Ball 2-1: Ball 3-1: SINGLE (Groundball, 34D)
|
Batting: LHB Richard Brooks
|
0-0: Ball 1-0: Ball 2-0: Foul Ball, location: 2F 2-1: Swinging Strike 2-2: Strikes out swinging
|
Batting: LHB Vernon Hill
|
0-0: Ball 1-0: Called Strike 1-1: Ball 2-1: Foul Ball, location: 2F 2-2: Ball 3-2: Fly out, F9 (Flyball, 9LMF)
|
Batting: LHB Steven Smith
|
0-0: Foul Ball, location: 2F 0-1: Ball 1-1: Ball 2-1: Ball 3-1: Base on Balls Gerald Davis to second
|
Batting: RHB Ray Rogers
|
0-0: Ball 1-0: SINGLE (Line Drive, 8LS) Gerald Davis to third Steven Smith to second Runner from 3rd tries for Home, SAFE, no throw
|
Pitching: RHP Bret McJannett
|
|
Batting: LHB Nick Hill
|
0-0: Ball 1-0: Called Strike 1-1: Fielders Choice at 2nd, 6-4 (Groundball, 6)
|
Top of the 6th over - 1 run, 2 hits, 0 errors, 2 left on base; San Diego 6 - Bismark 4 |
BOTTOM OF THE 6TH |
Bismark Border Guards batting - Pitching for San Diego Smashers : LHP Nesto Pérez
|
Batting: LHB Alan Moore
|
0-0: Ball 1-0: Fly out, F9 (Flyball, 9LM)
|
Batting: RHB José Vidal
|
0-0: Foul Ball, location: 2F 0-1: Ball 1-1: Called Strike 1-2: Foul Ball, location: 2F 1-2: Foul Ball, location: 2F 1-2: Ground out 4-3 (Groundball, 4M)
|
Batting: RHB Warren Martin
|
0-0: Swinging Strike 0-1: Foul Ball, location: 2F 0-2: Ball 1-2: Ball 2-2: Foul Ball, location: 2F 2-2: Foul Ball, location: 2F 2-2: Foul Ball, location: 2F 2-2: Ball 3-2: DOUBLE (Line Drive, 8LD)
|
Batting: RHB Enrique Mendoza
|
0-0: Called Strike 0-1: Ball 1-1: SINGLE (Line Drive, 4M) Warren Martin to third Runner from 3rd tries for Home, SAFE, no throw
|
Pitching: RHP Maurice Green
|
|
Batting: RHB Leonard Harris
|
0-0: Called Strike 0-1: Ball 1-1: Ball 2-1: Ball 3-1: Ground out 3-1 (Groundball, 34S)
|
Bottom of the 6th over - 1 run, 2 hits, 0 errors, 1 left on base; San Diego 6 - Bismark 5 |
TOP OF THE 7TH |
San Diego Smashers batting - Pitching for Bismark Border Guards : RHP Bret McJannett
|
Batting: RHB Ramón Ramírez
|
0-0: Ball 1-0: Foul Ball, location: 2F 1-1: Ball 2-1: Swinging Strike 2-2: Strikes out swinging
|
Pitching: LHP David Vance
|
|
Batting: LHB Ryan Rheaume
|
0-0: Ball 1-0: Ball 2-0: Called Strike 2-1: Called Strike 2-2: Strikes out swinging
|
Batting: RHB Sean Smith
|
0-0: Called Strike 0-1: Called Strike 0-2: Ground out 5-3 (Groundball, 56)
|
Top of the 7th over - 0 runs, 0 hits, 0 errors, 0 left on base; San Diego 6 - Bismark 5 |
BOTTOM OF THE 7TH |
Bismark Border Guards batting - Pitching for San Diego Smashers : RHP Maurice Green
|
Batting: RHB Danny Spode
|
0-0: Ball 1-0: Ball 2-0: Ball 3-0: Called Strike 3-1: Called Strike 3-2: Foul Ball, location: 2F 3-2: DOUBLE (Line Drive, 78D)
|
Batting: RHB Mario Carranza
|
0-0: Fly out, F5 (Line Drive, 5)
|
Batting: RHB Doug Williams
|
0-0: Ball 1-0: Ball 2-0: Fly out, F8 (Flyball, 89D) Runner from 2nd tags up, SAFE at 3rd, no throw
|
Pinch Hitting: RHB Vincent Braun
|
0-0: Ball 1-0: Ball 2-0: Ground out 5-3 (Groundball, 56)
|
Bottom of the 7th over - 0 runs, 1 hit, 0 errors, 1 left on base; San Diego 6 - Bismark 5 |
TOP OF THE 8TH |
San Diego Smashers batting - Pitching for Bismark Border Guards : LHP David Vance
|
Now at 2B: Emílio Cervantes
|
|
Batting: RHB Gerald Davis
|
0-0: Ground out 1-3 (Groundball, 13S)
|
Batting: LHB Richard Brooks
|
0-0: Called Strike 0-1: Foul Ball, location: 2F 0-2: Ground out 5-3 (Groundball, 56S)
|
Batting: LHB Vernon Hill
|
0-0: Ball 1-0: Ball 2-0: Ball 3-0: Base on Balls
|
Batting: LHB Steven Smith
|
0-0: Ball 1-0: Foul Ball, location: 2F 1-1: Foul Ball, location: 2F 1-2: Ball 2-2: Strikes out swinging
|
Top of the 8th over - 0 runs, 0 hits, 0 errors, 1 left on base; San Diego 6 - Bismark 5 |
BOTTOM OF THE 8TH |
Bismark Border Guards batting - Pitching for San Diego Smashers : RHP Maurice Green
|
Pitching: LHP Doug Ledoux
|
|
Now at 1B: Ron Garrett
|
|
Batting: LHB Alan Moore
|
0-0: Ball 1-0: SINGLE (Line Drive, 6) (infield hit)
|
Pitching: RHP Andre Huff
|
|
Pinch Hitting: LHB David Hernández
|
0-0: Sac Bunt - play at first, batter OUT! 1-4 Alan Moore to second
|
Batting: RHB Warren Martin
|
0-0: Called Strike 0-1: Ball 1-1: Foul Ball, location: 2F 1-2: SINGLE (Line Drive, 4M) Alan Moore to third
|
Batting: RHB Enrique Mendoza
|
0-0: Called Strike 0-1: Called Strike 0-2: Ball 1-2: Ball Pickoff Throw to First - Error! E1 Alan Moore scores Warren Martin to second 2-2: Ball 3-2: SINGLE (Line Drive, 34D) Warren Martin to third Runner from 3rd tries for Home, SAFE, throw made home
|
Batting: RHB Leonard Harris
|
0-0: Called Strike 0-1: Ball 1-1: SINGLE (Line Drive, 8LS) Enrique Mendoza to second
|
Batting: RHB Danny Spode
|
0-0: SINGLE (Line Drive, 8LS) Enrique Mendoza to third Leonard Harris to second Runner from 3rd tries for Home, SAFE, no throw
|
Batting: RHB Mario Carranza
|
0-0: Called Strike 0-1: Fly out, F6 (Line Drive, 6)
|
Batting: RHB Doug Williams
|
0-0: Foul Ball, location: 2F 0-1: Swinging Strike 0-2: Fielders Choice at 2nd, 6-4 (Groundball, 6)
|
Bottom of the 8th over - 3 runs, 5 hits, 1 error, 2 left on base; San Diego 6 - Bismark 8 |
TOP OF THE 9TH |
San Diego Smashers batting - Pitching for Bismark Border Guards : LHP David Vance
|
Pitching: RHP César Rodríguez
|
|
Now at 3B: António Martínez
|
|
Now at SS: David Hernández
|
|
Batting: RHB Ray Rogers
|
0-0: Called Strike 0-1: Called Strike 0-2: Ball 1-2: Strikes out swinging
|
Batting: LHB Nick Hill
|
0-0: Foul Ball, location: 2F 0-1: Swinging Strike 0-2: Ball 1-2: Foul Ball, location: 2F 1-2: Ball 2-2: Ball 3-2: SOLO HOME RUN (Flyball, 7LD), Distance : 370 ft
|
Pinch Hitting: LHB John White
|
0-0: Ground out 4-3 (Groundball, 4S)
|
Batting: LHB Ryan Rheaume
|
0-0: Foul Ball, location: 2F 0-1: Foul Ball, location: 2F 0-2: Ball 1-2: Strikes out swinging
|
Top of the 9th over - 1 run, 1 hit, 0 errors, 0 left on base; San Diego 7 - Bismark 8 |
|